 Dungeon Crawl Stone Soup version 0.24.0-13-gcf9b319 (webtiles) character file.

Game seed: 6797554108714069488, levelgen mode: deterministic

28 CabbageHands the Firebug (level 3, 21/21 HPs)
             Began as an Octopode Fire Elementalist on Mar 1, 2020.
             Got out of the dungeon alive.
             The game lasted 00:02:46 (1228 turns).

CabbageHands the Firebug (OpFE)                     Turns: 1228, Time: 00:02:46

Health: 21/21      AC:  1    Str:  7    XL:     3   Next: 12%
Magic:  6/6        EV: 13    Int: 18    God:
Gold:   57         SH:  0    Dex: 12    Spells: 5/6 levels left

rFire    + . .     SeeInvis .   (no weapon)
rCold    . . .     Gourm    .   (no shield)
rNeg     . . .     Faith    .   (helmet restricted)
rPois    .         Spirit   .   (no amulet)
rElec    .         Reflect  .   a - ring of protection from fire
rCorr    .         Harm     .   (no ring)
MR       .....                  (no ring)
Stlth    +++.......             (no ring)
HPRegen  0.07/turn              (no ring)
MPRegen  0.10/turn              (no ring)
                                (no ring)
                                (no ring)

@: no status effects
A: almost no armour, stealthy swim, amphibious, 8 rings, constrict 8, camouflage
1, gelatinous body 1
a: no special abilities


You escaped.
You were not hungry.

You visited 1 branch of the dungeon, and saw 1 of its levels.

You collected 57 gold pieces.

Inventory:

Jewellery
 a - a ring of protection from fire (left tentacle)
Scrolls
 f - a scroll of immolation {unknown}
 h - 2 scrolls of enchant weapon {unknown}
 i - a scroll of amnesia {unknown}
 k - a scroll of remove curse {unknown}
Potions
 d - 2 potions of haste {unknown}
 e - a potion of curing {unknown}
 j - 2 potions of heal wounds {unknown}
Comestibles
 b - 7 rations
 g - a chunk of flesh


   Skills:
 - Level 2.0 Dodging
 - Level 2.6 Stealth
 + Level 2.3 Spellcasting
 + Level 1.6 Conjurations
 * Level 3.7 Fire Magic


You had 5 spell levels left.
You knew the following spells:

 Your Spells              Type           Power        Failure   Level  Hunger
a - Flame Tongue          Conj/Fire      ##...        6%          1    #......

Your spell library contained the following spells:

 Spells                   Type           Power        Failure   Level  Hunger
 Throw Flame              Conj/Fire      ##....       9%          2    ##.....
 Conjure Flame            Conj/Fire      ##......     19%         3    ###....
 Inner Flame              Hex/Fire       #.......     24%         3    ###....
 Sticky Flame             Conj/Fire      ##......     52%         4    #####..
 Fireball                 Conj/Fire      ##........   86%         5    ######.


Dungeon Overview and Level Annotations

Branches:
Dungeon (1/15)

Altars:


Innate Abilities, Weirdness & Mutations

You cannot wear most types of armour.
You are very stealthy in the water. (Stealth+)
You are amphibious.
You can wear up to eight rings at the same time.
You can use your tentacles to constrict eight enemies at once.
Your skin changes colour to match your surroundings (Stealth+).
Your rubbery body absorbs attacks. (AC +1, EV +1)


Message History

Press: ? - help, Dir - move target cursor, f - you Are you sure you want to cancel this blink? [Y]es or [N]o only, please.
Are you sure you want to cancel this blink?
Blink to where?
Press: ? - help, Dir - move target cursor, f - you Are you sure you want to cancel this blink?
Blink to where?
Press: ? - help, Dir - move target cursor You are very lightly contaminated with residual magic.
As you read the scroll labeled OWUINA XYOHUD, it crumbles to dust.
It was a scroll of blinking.
You see here 24 bolts.
Your magical contamination has completely faded away.
There is a staircase leading out of the dungeon here.
You can't go down here!
Are you sure you want to leave the Dungeon?
This will make you lose the game!
Alright, then stay!
Are you sure you want to leave the Dungeon?
This will make you lose the game!
You have escaped!

###.#..##.#...#.##.#..##..
#.#..##.###..##.##......
#....####.###.#.#..#....
##...##..#.###..#.#.#..#
##..##.##...#.#..#..##.
#..##..####.##..##.##.
#..####..#..#.#..#..#.
#..##..###.##..#...#.#
##..##@#.##...##......#
#(..###################
#...###################
#...>..................
#..)................#.#
####.....###..........#.#
#.....(..# #.............
##...>##### #......[......
#..#### #####.........


There were no monsters in sight!

Vanquished Creatures
  2 dart slugs (D:1)
  A giant cockroach (D:1)
  2 goblins (D:1)
  A hobgoblin (D:1)
  A jackal (D:1)
  2 kobolds (D:1)
  6 bats (D:1)
  4 frilled lizards (D:1)
  7 rats (D:1)
26 creatures vanquished.

Notes
Turn   | Place    | Note
-------+----------+-------------------------------------------
     0 | D:1      | CabbageHands the Octopode Fire Elementalist began the quest
                  | for the Orb.
     0 | D:1      | Reached XP level 1. HP: 11/11 MP: 3/3
   380 | D:1      | Reached XP level 2. HP: 11/17 MP: 5/5
   920 | D:1      | Reached XP level 3. HP: 16/21 MP: 6/6
  1228 | D:$      | Got out of the dungeon alive.

Levels and vault maps discovered:
D:1:      erik_arrival_cave_to_civilisation [erik_arrival_cave_to_hall],
          layout_rooms, minmay_tall_x

Action                   || total
-------------------------++-------
Melee: Unarmed           ||    60
       Constrict         ||    23
       Tentacles         ||    12
 Cast: Flame Tongue      ||     4
  Use: Scroll            ||     1
 Stab: Sleeping          ||     7
  Eat: Chunk             ||     1
Armor: Skin              ||    14
Dodge: Dodged            ||    50
